 Dungeon Crawl Stone Soup version 0.20.0-10-g0535bb4 (webtiles) character file.

129082 Morrissey the Severer (level 16, -4/157 HPs)
             Began as a Minotaur Berserker on June 5, 2017.
             Was a High Priest of Trog.
             Slain by a salamander
             ... wielding a +4 trident
              (12 damage)
             ... on level 4 of the Snake Pit.
             The game lasted 00:47:29 (26971 turns).

Morrissey the Severer (Minotaur Berserker)         Turns: 26971, Time: 00:47:30

Health: -4/157     AC: 21    Str: 23    XL:     16   Next: 49%
Magic:  15/15      EV: 17    Int:  4    God:    Trog [*****.]
Gold:   2179       SH:  4    Dex: 16    Spells: 15/15 levels left

rFire    . . .     SeeInvis +   a - +3 battleaxe (freeze)
rCold    . . .     Gourm    .   (shield currently unavailable)
rNeg     . . .     Faith    .   J - +4 chain mail of the Four of Swords {*Drain rPois Regen+}
rPois    +         Spirit   .   (helmet restricted)
rElec    .         Reflect  +   (no cloak)
rCorr    .         Harm     .   D - +1 pair of gloves
MR       +....                  l - +0 pair of boots
Stlth    ..........             T - +4 amulet of reflection
Regen    0.8/turn               u - ring of see invisible
MPRegen  0.2/turn               N - +3 ring of slaying

@: no status effects
A: retaliatory headbutt, horns 2
a: Berserk, Trog's Hand, Brothers in Arms, Burn Spellbooks, Renounce Religion


You were on level 4 of the Snake Pit.
You worshipped Trog.
Trog was extremely pleased with you.
You were not hungry.

You visited 4 branches of the dungeon, and saw 26 of its levels.

You collected 2179 gold pieces.

Inventory:

Hand Weapons
 a - a +3 battleaxe of freezing (weapon)
 b - a +3 battleaxe of flaming
 U - a +6 antimagic battleaxe
Armour
 l - a +0 pair of boots (worn)
 D - a +1 pair of gloves (worn)
 J - the +4 chain mail of the Four of Swords (worn) {*Drain rPois Regen+}
   (You found it on level 13 of the Dungeon)

   It protects you from poison.
   It increases your rate of regeneration.
   It causes draining when unequipped.
Jewellery
 d - a +2 ring of slaying
 q - a +2 ring of slaying
 u - a ring of see invisible (left hand)
 y - an uncursed amulet of faith
 I - an uncursed ring of protection from magic
 L - an uncursed ring of poison resistance
 M - an uncursed ring of protection from fire
 N - a +3 ring of slaying (right hand)
 T - a +4 amulet of reflection (around neck)
Wands
 C - a wand of digging (21/24)
 F - a wand of confusion (12/48)
 P - a wand of iceblast (1/15)
 R - a wand of lightning (10/15)
 S - a wand of digging (13/24)
 V - a wand of lightning (5/15)
 W - a wand of scattershot (4/9)
 Y - a wand of digging (8/24)
Scrolls
 e - 4 scrolls of teleportation
 g - 10 scrolls of remove curse
 i - 2 scrolls of magic mapping
 k - 3 scrolls of recharging
 m - 3 scrolls of fog {unknown}
 p - 6 scrolls of enchant armour
 s - 2 scrolls of silence {unknown}
 w - 4 scrolls of fear {unknown}
 G - 4 scrolls of enchant weapon {unknown}
 H - 4 scrolls of noise {unknown}
 K - 3 scrolls of immolation {unknown}
Potions
 h - 3 potions of haste
 j - 4 potions of agility
 o - 8 potions of flight
 r - 6 potions of brilliance
 t - 8 potions of curing
 x - 8 potions of mutation
 A - 3 potions of heal wounds
 B - 2 potions of cancellation
 E - 4 potions of magic
 Q - a potion of invisibility {unknown}
 X - 2 potions of resistance
Miscellaneous
 z - a lightning rod (4/4)
 O - a lamp of fire
Comestibles
 c - 15 bread rations
 f - 17 meat rations
 n - 21 royal jellies
 v - 17 fruits


   Skills:
 + Level 18.0 Fighting
 - Level 20.7 Axes
 + Level 14.2 Armour
 * Level 14.1 Dodging


You had 15 spell levels left.
You didn't know any spells.

Dungeon Overview and Level Annotations

Branches:
Dungeon (14/15)            Temple (0/1) D:6            Lair (6/6) D:9
  Swamp (0/4) Lair:4        Snake (4/4) Lair:2        Slime (0/5) Lair:5
    Orc (2/2) D:9             Elf (0/3) Orc:2        Vaults (0/5) D:14

Altars:
Cheibriados
Dithmenos
Fedhas
Gozag
Makhleb
Nemelex Xobeh
Xom

Shops:
D:6 }   D:10 (   Orc:2 (}(:

Annotations:
Lair:5 exclusion: upstairs


Innate Abilities, Weirdness & Mutations

You reflexively headbutt those who attack you in melee.
You have a pair of horns on your head.


Message History

The salamander mystic is almost dead.
The salamander mystic hits you but does no damage.
Unknown command.
You closely miss the salamander mystic. You headbutt the salamander mystic.
The salamander mystic is almost dead.
The salamander hits you but does no damage.
You hit the salamander mystic. You freeze the salamander mystic.
You kill the salamander mystic!
Trog accepts your kill.
Trog will gift you weapons as your piety grows.
Trog appreciates your killing of a magic user.
The salamander barely misses you.
The salamander hits you with an enchanted trident!
* * * LOW HITPOINT WARNING * * *
You are engulfed in flames!
* * * LOW HITPOINT WARNING * * *
The salamander hits you with an enchanted trident!
* * * LOW HITPOINT WARNING * * *
You are engulfed in flames!
You die...

....... .......
.......#
#.....# #....+
. #...# ...
#...#+##...?.
#...)@N......
##....#......?
##.....##.....#
#...<.## (....#
#.....## .....
........# .....
........# ....
........# ....
.........


You could see a salamander.

Vanquished Creatures
  The ghost of Kriby the Executioner, an adept HOFi of Okawaru (Snake:3)
  Kirke (Snake:3)
  3 nagarajas
  A dire elephant (Lair:6)
  Snorg (Lair:5)
  Josephine (D:10)
  Fannar (D:11)
  4 vault guards (D:14)
  11 naga warriors
  Harold (Lair:3)
  A catoblepas (Lair:6)
  10 anacondas
  2 centaur warriors
  7 two-headed ogres
  Erica (D:9)
  6 death yaks (Lair:4)
  7 naga sharpshooters
  Urug (Lair:3)
  A deep elf knight (D:14)
  Sonja (Lair:3)
  6 shock serpents
  A salamander mystic (Snake:4)
  3 unseen horrors
  A wizard (D:14)
  4 naga ritualists
  A sea snake (Lair:6)
  2 deep elf magi
  A lindwurm (Lair:6)
  5 orc knights
  6 mana vipers
  A necromancer (Lair:3)
  2 orc sorcerers
  An oklob plant (Snake:1)
  3 ugly things
  4 cyclopes
  4 salamanders
  The ghost of IcyNumb the Spear-Bearer, a novice OpFi (D:6)
  3 manticores
  28 black mambas
  Maurice (D:11)
  8 elephants
  A centaur skeleton (D:14)
  Psyche (D:9)
  3 guardian serpents
  4 gargoyles
  8 naga magi
  10 spiny frogs
  An efreet (D:13)
  10 komodo dragons
  4 rime drakes
  4 hornets
  2 trolls
  Prince Ribbit (D:9)
  Grinder (D:4)
  A hippogriff (shapeshifter) (D:14)
  11 blink frogs
  8 slime creatures
  8 hippogriffs
  Sigmund (D:4)
  2 water elementals (D:13)
  3 wraiths (D:10)
  4 hogs (Snake:3)
  28 yaks
  2 wyverns
  2 hungry ghosts
  2 steam dragons
  7 vampire mosquitoes
  Grum (D:9)
  Edmund (D:4)
  5 wargs
  24 nagas
  7 water moccasins
  2 black bears
  Duvessa (D:6)
  8 porcupines
  34 orc warriors
  An elephant zombie (Lair:3)
  A necrophage (D:7)
  2 ice beasts
  3 phantoms
  9 ogres
  The ghost of siprus the Distorting Demonspawn, an amateur DsAK of Lugonu (D:3)
  8 wolves
  20 centaurs
  12 crocodiles
  3 big kobolds
  24 bullfrogs
  Dowan (D:6)
  A wyvern zombie (D:14)
  A wyvern skeleton (D:8)
  2 scorpions
  10 killer bees
  5 wights (D:7)
  3 howler monkeys (D:13)
  8 electric eels
  3 centaur zombies
  6 crimson imps
  2 quasits
  A bullfrog zombie (D:7)
  11 hounds
  7 jellies
  12 orc priests
  5 iguanas
  Jessica (D:3)
  2 bullfrog skeletons
  20 orc wizards
  13 worker ants
  Natasha (thrice) (D:2)
  2 crocodile zombies (Lair:3)
  2 hound skeletons
  Robin (D:3)
  12 gnolls
  10 adders
  2 shadow imps
  7 oozes
  3 adder zombies
  5 worms
  A dart slug (D:4)
  4 leopard geckos
  65 orcs
  2 ball pythons
  3 giant cockroaches
  17 goblins
  15 hobgoblins
  8 jackals
  8 quokkas
  6 bats
  4 frilled lizards
  26 kobolds
  A leopard gecko zombie (D:5)
  A quokka skeleton (D:4)
  6 rats
  2 fungi
  6 plants
780 creatures vanquished.

Vanquished Creatures (collateral kills)
  Vashnia (Snake:3)
  A merfolk avatar (Lair:6)
  A shock serpent (Snake:3)
  A cyclops (D:13)
  A guardian serpent (Snake:3)
  An elephant (Lair:6)
  3 spiny frogs (Lair:6)
  2 rime drakes (Lair:6)
  A polar bear (Lair:6)
  A wind drake (Lair:6)
  A water moccasin (Lair:6)
  A crocodile (Lair:6)
  A crimson imp (D:13)
  A plant (Lair:6)
17 creatures vanquished.

Vanquished Creatures (others)
  2 orc warriors (Orc:2)
  A centaur (Orc:2)
  An orc wizard (Orc:2)
  An orc (Orc:2)
  A butterfly (Lair:5)
  A fungus (Lair:4)
  4 plants
11 creatures vanquished.

Grand Total: 808 creatures vanquished

Notes
Turn   | Place    | Note
-------+----------+-------------------------------------------
     0 | D:1      | Morrissey the Minotaur Berserker began the quest for the Orb.
     0 | D:1      | Reached XP level 1. HP: 19/19 MP: 0/0
   167 | D:1      | Reached XP level 2. HP: 17/27 MP: 1/1
   303 | D:1      | Reached skill level 4 in Axes
   765 | D:2      | Reached XP level 3. HP: 23/33 MP: 2/2
  1129 | D:2      | Reached ** piety under Trog
  1228 | D:2      | Noticed Natasha
  1233 | D:2      | Killed Natasha
  1233 | D:2      | Reached XP level 4. HP: 29/40 MP: 3/3
  1291 | D:2      | Noticed Natasha
  1299 | D:2      | Killed Natasha
  1361 | D:2      | Noticed Natasha
  1703 | D:2      | Killed Natasha
  1703 | D:2      | Reached skill level 5 in Axes
  1908 | D:3      | Noticed Robin
  1912 | D:3      | Reached XP level 5. HP: 47/47 MP: 4/4
  1919 | D:3      | Killed Robin
  1991 | D:3      | Noticed Jessica
  1993 | D:3      | Killed Jessica
  2611 | D:3      | Noticed siprus's ghost (amateur DsAK)
  2622 | D:3      | Killed siprus's ghost
  2622 | D:3      | Reached XP level 6. HP: 55/55 MP: 5/5
  2863 | D:4      | Reached *** piety under Trog
  2864 | D:4      | Reached skill level 5 in Fighting
  2902 | D:4      | Found a burning altar of Makhleb.
  2946 | D:4      | Noticed Grinder
  2967 | D:4      | Killed Grinder
  2967 | D:4      | Reached skill level 6 in Axes
  3143 | D:4      | Found a blossoming altar of Fedhas.
  3156 | D:4      | Noticed Edmund
  3165 | D:4      | Killed Edmund
  3165 | D:4      | Reached XP level 7. HP: 61/61 MP: 6/6
  3236 | D:4      | Noticed Sigmund
  3253 | D:4      | Reached skill level 7 in Axes
  3253 | D:4      | Reached skill level 5 in Armour
  3255 | D:4      | Killed Sigmund
  3588 | D:4      | Reached skill level 5 in Dodging
  3672 | D:4      | Reached XP level 8. HP: 63/70 MP: 7/7
  3758 | D:5      | Entered Level 5 of the Dungeon
  3793 | D:5      | Reached skill level 8 in Axes
  4226 | D:5      | Reached **** piety under Trog
  4553 | D:6      | Reached skill level 9 in Axes
  4565 | D:6      | Noticed IcyNumb's ghost (novice OpFi)
  4599 | D:5      | Noticed a hippogriff
  4616 | D:5      | Killed a hippogriff
  4713 | D:6      | Killed IcyNumb's ghost
  4713 | D:6      | Reached skill level 10 in Axes
  4713 | D:6      | Reached XP level 9. HP: 34/79 MP: 8/8
  4961 | D:6      | Found a staircase to the Ecumenical Temple.
  4987 | D:6      | Found Degirch's Gadget Shoppe.
  5042 | D:6      | Noticed Duvessa
  5044 | D:6      | Noticed Dowan
  5050 | D:6      | Killed Duvessa
  5057 | D:6      | Killed Dowan
  5224 | D:6      | Found a sparkling altar of Nemelex Xobeh.
  5699 | D:7      | Reached skill level 11 in Axes
  6337 | D:8      | Found a shadowy altar of Dithmenos.
  6379 | D:8      | Reached skill level 12 in Axes
  6380 | D:8      | Reached XP level 10. HP: 82/91 MP: 9/9
  6582 | D:8      | Noticed a two-headed ogre
  6582 | D:8      | Noticed a two-headed ogre
  6591 | D:8      | Killed a two-headed ogre
  6593 | D:8      | Killed a two-headed ogre
  6746 | D:8      | Found an opulent altar of Gozag.
  6746 | D:8      | Found a snail-covered altar of Cheibriados.
  6747 | D:8      | Found a shimmering altar of Xom.
  6823 | D:8      | Noticed a two-headed ogre
  6829 | D:8      | Killed a two-headed ogre
  6829 | D:8      | Reached skill level 10 in Fighting
  6829 | D:8      | Reached skill level 13 in Axes
  6928 | D:8      | You fall through a shaft!
  6928 | D:9      | Noticed Psyche
  6933 | D:9      | Killed Psyche
  7024 | D:9      | Noticed Prince Ribbit
  7104 | D:9      | Killed Prince Ribbit
  7300 | D:9      | Noticed Erica
  7306 | D:9      | Killed Erica
  7369 | D:9      | Noticed Grum
  7375 | D:9      | Reached skill level 10 in Armour
  7378 | D:9      | Reached ***** piety under Trog
  7381 | D:9      | Reached XP level 11. HP: 63/101 MP: 10/10
  7385 | D:9      | Killed Grum
  7699 | D:9      | Reached skill level 14 in Axes
  8104 | D:9      | Found a staircase to the Orcish Mines.
  8260 | D:9      | Found a staircase to the Lair.
  8356 | D:9      | Received a gift from Trog
  8466 | D:10     | Entered Level 10 of the Dungeon
  9086 | D:10     | Noticed an unseen horror
  9097 | D:10     | Killed an unseen horror
  9097 | D:10     | Reached skill level 15 in Axes
  9135 | D:10     | Found Tuanobur's Antique Weapon Boutique.
  9138 | D:10     | Noticed Josephine
  9146 | D:10     | Killed Josephine
  9577 | D:11     | Noticed Maurice
  9582 | D:11     | Killed Maurice
  9615 | D:11     | Found a labyrinth entrance.
  9666 | D:11     | You fall through a shaft for 3 floors!
  9732 | D:14     | Noticed a vault guard
  9906 | D:12     | Noticed a red ugly thing
  9913 | D:12     | Killed a red ugly thing
  9913 | D:12     | Reached skill level 16 in Axes
  9952 | D:12     | Reached XP level 12. HP: 99/112 MP: 11/11
 10231 | D:11     | Noticed a two-headed ogre
 10236 | D:11     | Killed a two-headed ogre
 10255 | D:11     | Noticed Fannar
 10272 | D:11     | Killed Fannar
 10272 | D:11     | Received a gift from Trog
 10528 | D:11     | Noticed a two-headed ogre
 10533 | D:11     | Killed a two-headed ogre
 10533 | D:11     | Reached skill level 17 in Axes
 11335 | Lair:1   | Entered Level 1 of the Lair of Beasts
 12433 | Lair:2   | Reached skill level 18 in Axes
 12775 | Lair:2   | Found a staircase to the Snake Pit.
 13058 | Lair:3   | Noticed Sonja
 13068 | Lair:3   | Killed Sonja
 13194 | Lair:3   | Noticed Urug
 13206 | Lair:3   | Killed Urug
 13206 | Lair:3   | Reached XP level 13. HP: 83/123 MP: 12/12
 13387 | Lair:3   | Received a gift from Trog
 13447 | Lair:3   | You fall through a shaft for 2 floors!
 13512 | Lair:4   | You fall through a shaft for 2 floors!
 13512 | Lair:6   | Entered Level 6 of the Lair of Beasts
 14055 | Lair:6   | Reached skill level 19 in Axes
 14105 | Lair:5   | Noticed Snorg
 14111 | Lair:5   | Killed Snorg
 14781 | Lair:3   | Noticed Harold
 14791 | Lair:3   | Killed Harold
 14791 | Lair:3   | Reached skill level 15 in Fighting
 15816 | Lair:4   | Found a staircase to the Swamp.
 16111 | Lair:5   | Reached skill level 20 in Axes
 16314 | Lair:5   | Found a staircase to the Slime Pits.
 16644 | Lair:6   | Noticed a dire elephant
 16660 | Lair:6   | Reached XP level 14. HP: 97/135 MP: 13/13
 16669 | Lair:6   | Received a gift from Trog
 19724 | D:13     | Got a brightly glowing chain mail
 19735 | D:13     | Identified the +4 chain mail of the Four of Swords {*Drain rPois Regen+} (You found it on level 13 of the Dungeon)
 20291 | D:14     | Received a gift from Trog
 20303 | D:14     | Got a jewelled battleaxe {god gift}
 20304 | D:14     | Identified the +10 battleaxe "Ogeegi" {chop, Str-5 Dex+5 SInv} (Trog gifted it to you on level 14 of the Dungeon)
 20653 | D:14     | Found a gate to the Vaults.
 20943 | Orc:1    | Entered Level 1 of the Orcish Mines
 21027 | Orc:2    | Entered Level 2 of the Orcish Mines
 21027 | Orc:2    | Found a staircase to the Elven Halls.
 21503 | Orc:2    | Reached XP level 15. HP: 75/145 MP: 14/14
 21705 | Orc:2    | Received a gift from Trog
 22017 | Orc:2    | Found Nuax's Weapon Boutique.
 22017 | Orc:2    | Found Goecs's Gadget Shoppe.
 22121 | Orc:2    | Found Viliux's Book Shop.
 22123 | Orc:2    | Found Emulohio's Antique Weapon Emporium.
 22357 | Snake:1  | Entered Level 1 of the Snake Pit
 22554 | Snake:1  | Reached skill level 10 in Dodging
 23187 | Snake:1  | Reached ****** piety under Trog
 23187 | Snake:1  | Received a gift from Trog
 23967 | Snake:2  | Noticed a nagaraja
 23981 | Snake:2  | Killed a nagaraja
 24197 | Snake:2  | Got a heavily runed zirconium amulet
 24199 | Snake:2  | Identified the amulet of Qecafydu {Gourm rF+} (You took it off a naga warrior on level 2 of the Snake Pit)
 25196 | Snake:3  | Reached XP level 16. HP: 155/155 MP: 15/15
 25211 | Snake:3  | Noticed Vashnia
 25260 | Snake:3  | Killed Vashnia
 25755 | Snake:3  | Noticed Kriby's ghost (adept HOFi)
 25768 | Snake:3  | Killed Kriby's ghost
 26147 | Snake:3  | Noticed Kirke
 26166 | Snake:3  | Killed Kirke
 26947 | Snake:4  | Entered Level 4 of the Snake Pit
 26971 | Snake:4  | Slain by a salamander

Skill      XL: |  1  2  3  4  5  6  7  8  9 10 11 12 13 14 15 16 |
---------------+-------------------------------------------------+-----
Axes           | 4 5 6 7 10 12 13 16 18 20 | 20.7
Dodging        | 3 4 5 9 12 14 | 14.1
Fighting       | 4 5 6 7 9 10 12 13 15 16 17 18 | 18.0
Armour         | 3 4 5 7 8 10 12 13 14 | 14.2

Action                   |  1- 3 |  4- 6 |  7- 9 | 10-12 | 13-15 | 16-18 || total
-------------------------+-------+-------+-------+-------+-------+-------++-------
Melee: Hand axe          |    54 |   114 |   231 |       |       |       ||   399
       Headbutt          |     6 |    17 |    78 |    94 |   211 |    39 ||   445
       Battleaxe         |       |       |    61 |   413 |   896 |   138 ||  1508
       Unarmed           |       |       |       |       |       |    10 ||    10
Invok: Berserk           |       |     5 |     5 |     5 |     5 |     3 ||    23
       Trog's Hand       |       |     3 |     3 |     1 |     2 |     3 ||    12
       Burn Spellbooks   |       |     2 |     1 |     2 |     3 |       ||     8
       Brothers in Arms  |       |       |       |       |     4 |     2 ||     6
Evoke: Wand              |       |       |       |     4 |       |       ||     4
  Use: Scroll            |       |       |       |    15 |    10 |     2 ||    27
       Potion            |       |       |       |       |     4 |       ||     4
 Stab: Sleeping          |     2 |       |       |       |       |       ||     2
  Eat: Chunk             |     1 |    10 |    12 |    24 |    20 |     3 ||    70
       Fruit             |       |       |     1 |       |       |     3 ||     4
       Royal jelly       |       |       |     2 |       |       |       ||     2
       Meat ration       |       |       |       |     1 |     5 |     2 ||     8
Armor: Animal skin       |    10 |    24 |       |       |       |       ||    34
       Plate armour      |       |       |   133 |   207 |   150 |       ||   490
       Chain mail        |       |       |     5 |       |   162 |    34 ||   201
Dodge: Dodged            |    39 |    66 |   105 |   160 |   433 |    69 ||   872
Block: Other             |       |       |       |    17 |   100 |     9 ||   126
       Reflection        |       |       |       |       |    24 |     3 ||    27
